 Dungeon Crawl Stone Soup version 0.18-a0-844-g9229740 (webtiles) character file.

1509 cluie the Chiller (level 8, 39/61 HPs)
             Began as a Demonspawn Ice Elementalist on Dec 18, 2015.
             Quit the game on level 5 of the Dungeon.
             The game lasted 00:11:03 (4865 turns).

cluie the Chiller (Demonspawn Ice Elementalist)     Turns: 4865, Time: 00:11:03

Health: 39/61      AC: 18    Str:  9    XL:     8   Next: 53%
Magic:  22/22      EV: 15    Int: 14    God:
Gold:   244        SH:  5    Dex: 18    Spells: 4 memorised, 4 levels left

rFire  . . .     SeeInvis .     v - +0 flail (protect)
rCold  . . .     Gourm    .     s - +3 robe "Jutot" {Dex+4}
rNeg   . . .     Faith    .     (no shield)
rPois  .         Spirit   +     (no helmet)
rElec  .         Dismiss  .     h - +0 cloak
rCorr  .         Reflect  +     (no gloves)
SustAt .         Harm     .     (no boots)
MR     .....                    k - +5 amulet of reflection
Stlth  +++++.....               p - +5 ring of protection
                                y - ring of magical power

@: not resistant to hostile enchantments, quite stealthy
A: fangs 1, slimy green scales 1, blurry vision 1, deterioration 1, dopey 2, low
mp 1, nightstalker 3, sense surroundings 1, magic shield, magic regeneration
a: no special abilities


You were on level 5 of the Dungeon.
You were hungry.

You visited 1 branch of the dungeon, and saw 5 of its levels.
You also visited: Sewer.

You collected 244 gold pieces.

Inventory:

Hand Weapons
 v - a +0 flail of protection (weapon)
Missiles
 f - 2 curare-tipped needles
Armour
 h - a +0 cloak (worn)
 s - the +3 robe "Jutot" (worn) {Dex+4}
   (You found it on level 4 of the Dungeon)

   It affects your dexterity (+4).
Jewellery
 e - an uncursed ring of sustain attributes
 k - a +5 amulet of reflection (around neck)
 p - a +5 ring of protection (right hand)
 y - a ring of magical power (left hand)
Wands
 w - a wand of lightning (4)
 B - a wand of fire (12)
Scrolls
 d - 3 scrolls of remove curse
 l - 5 scrolls of teleportation
 m - a scroll of fog
 q - 2 scrolls of fear
 t - a scroll of identify
 u - a scroll of random uselessness {unknown}
 z - a scroll of blinking
Potions
 a - 2 potions of invisibility
 g - a potion of haste
 i - a potion of curing
 j - 2 potions of heal wounds
 n - 2 potions of agility
 o - 2 potions of ambrosia
 x - a potion of cancellation
Books
 b - a book of Frost

   Spells                             Type                      Level
   a - Freeze                         Ice                          1
   b - Throw Frost                    Conjuration/Ice              2
   c - Ozocubu's Armour               Charms/Ice                   3
   d - Throw Icicle                   Conjuration/Ice              4
   e - Summon Ice Beast               Ice/Summoning                4
   f - Condensation Shield            Ice                          4
Comestibles
 c - 2 bread rations
 r - 3 fruits


   Skills:
 + Level 4.4 Fighting
 + Level 5.0 Dodging
 - Level 1.7 Stealth
 + Level 4.8 Spellcasting
 + Level 1.7 Conjurations
 - Level 2.0 Summonings
 + Level 5.8 Ice Magic


You had 4 spell levels left.
You knew the following spells:

 Your Spells              Type           Power        Failure   Level  Hunger
a - Freeze                Ice            ###.         1%          1    None
b - Ozocubu's Armour      Chrm/Ice       ##......     17%         3    ###....
c - Summon Ice Beast      Ice/Summ       ##......     38%         4    ####...
d - Throw Icicle          Conj/Ice       ##......     38%         4    ####...


Dungeon Overview and Level Annotations

Branches:
Dungeon (5/15)
 Temple: D:4-7

Altars:
Cheibriados
Trog
Vehumet
Zin

Shops:
D:4 *


Innate Abilities, Weirdness & Mutations

You are partially covered in slimy green scales (AC +2).
You are completely attuned to the shadows.
When hurt, damage is shared between your health and your magic reserves.
You regenerate magic rapidly.
You have very sharp teeth.
Scrolls take you a little longer to read.
Your body sometimes deteriorates upon taking damage.
You are very dopey. (Int -4)
Your magical capacity is low (-10% MP).
You passively map a small area around you.


Message History

This meat tastes really weird.
Your vision blurs.
Eat which item? (? for menu, Esc to quit)
This meat tastes really weird.
You feel a strange attunement to the structure of the dungeons.
Eat which item? (? for menu, Esc to quit)
This meat tastes really weird.
You feel stupid.
Eat which item? (? for menu, Esc to quit)
This meat tastes really weird.
Your teeth lengthen and sharpen.
Eat which item? (? for menu, Esc to quit)
This meat tastes really weird.
You feel less energetic.
Drink which item? (? for menu, Esc to quit)
You feel extremely strange.
You feel stupid.
You feel yourself wasting away.
Enter note: wow
Enter note: i'm dumb Are you sure you want to abandon this character and quit the game? (Confirm with "yes".)

.##'#### , .##....#
,##...##.., ,*
.##..... .........,
.#..#### , ,.....$...,
.#...##### .........
##...'._⌠ #.# #.#* *
,, ,
#...'._⌠##.####.###
#..##P###.........+
###.######......@...#,
.........'..........#
, ,
.........#.>........#
.##.....##.....###+##
, . #.....####'### , *
#.....#........* ,
.......#........* ,, *
....##+##........ ...#
##.......


There were no monsters in sight!

Vanquished Creatures
  Grinder (D:3)
  The ghost of M4edhros the Sneak, an amateur OpAr (D:4)
  Sigmund (D:3)
  A sky beast (D:5)
  An ogre (D:4)
  A scorpion (D:5)
  A crimson imp (D:4)
  A hound (D:4)
  9 orc wizards
  2 orc priests (D:4)
  2 giant frog skeletons (D:4)
  An iguana (D:5)
  6 worker ants
  A hound skeleton (D:4)
  3 adders (D:4)
  6 oozes
  5 worms
  4 giant geckos
  14 orcs
  6 giant cockroaches
  5 hobgoblins
  6 jackals
  9 kobolds
  3 ball pythons
  17 bats
  A giant newt (Sewer)
  4 goblins
  5 rats
117 creatures vanquished.

Notes
Turn   | Place    | Note
--------------------------------------------------------------
     0 | D:1      | cluie the Demonspawn Ice Elementalist began the quest for the Orb.
     0 | D:1      | Reached XP level 1. HP: 13/13 MP: 3/3
   460 | D:1      | Reached skill level 3 in Ice Magic
   460 | D:1      | Gained mutation: You are slightly more attuned to the shadows. [demonic ancestry]
   460 | D:1      | Reached XP level 2. HP: 8/20 MP: 3/5
  1774 | D:3      | Reached XP level 3. HP: 15/25 MP: 6/6
  1821 | D:3      | Noticed Sigmund
  1836 | D:3      | Killed Sigmund
  1836 | D:3      | Reached skill level 1 in Fighting
  1836 | D:3      | Reached skill level 4 in Ice Magic
  1836 | D:3      | Gained mutation: When hurt, damage is shared between your health and your magic reserves. [demonic ancestry]
  1836 | D:3      | Reached XP level 4. HP: 12/33 MP: 3/8
  1836 | D:3      | Gained mutation: You are significantly more attuned to the shadows. [demonic ancestry]
  1836 | D:3      | Reached XP level 5. HP: 13/38 MP: 3/9
  2177 | D:3      | Noticed Grinder
  2187 | D:3      | Learned a level 3 spell: Ozocubu's Armour
  2192 | D:3      | Learned a level 4 spell: Summon Ice Beast
  2429 | D:4      | Gained mutation: You are partially covered in slimy green scales (AC +2). [demonic ancestry]
  2429 | D:4      | Reached XP level 6. HP: 44/44 MP: 10/10
  2721 | D:4      | Found a bloodstained altar of Trog.
  2731 | D:4      | Reached skill level 1 in Summonings
  2821 | D:4      | Got a brightly glowing robe
  2832 | D:4      | Identified the +3 robe "Jutot" {Dex+4} (You found it on level 4 of the Dungeon)
  2856 | D:4      | Found a glowing drain.
  2861 | Sewer    | Entered a sewer
  3384 | Sewer    | Gained mutation: You are completely attuned to the shadows. [demonic ancestry]
  3384 | Sewer    | Reached XP level 7. HP: 51/51 MP: 12/12
  3839 | D:4      | Noticed M4edhros's ghost (amateur OpAr)
  3861 | D:4      | Killed M4edhros's ghost
  3861 | D:4      | Reached skill level 5 in Ice Magic
  3873 | D:4      | Found Zin's Purification Station.
  3876 | D:4      | Found a glowing silver altar of Zin.
  4014 | D:4      | fucking hell
  4051 | D:4      | Gained mutation: You regenerate magic rapidly. [demonic ancestry]
  4051 | D:4      | Reached XP level 8. HP: 13/60 MP: 4/14
  4336 | D:3      | Killed Grinder
  4587 | D:5      | Entered Level 5 of the Dungeon
  4593 | D:5      | Learned a level 4 spell: Throw Icicle
  4796 | D:5      | Found a snail-covered altar of Cheibriados.
  4796 | D:5      | Found a radiant altar of Vehumet.
  4846 | D:5      | Reached skill level 5 in Dodging
  4859 | D:5      | Gained mutation: Scrolls take you a little longer to read. [mutagenic meat]
  4860 | D:5      | Gained mutation: You passively map a small area around you. [mutagenic meat]
  4861 | D:5      | Gained mutation: You are dopey. (Int -2) [mutagenic meat]
  4862 | D:5      | Gained mutation: You have very sharp teeth. [mutagenic meat]
  4863 | D:5      | Gained mutation: Your magical capacity is low (-10% MP). [mutagenic meat]
  4864 | D:5      | Gained mutation: You are very dopey. (Int -4) [potion of mutation]
  4864 | D:5      | Gained mutation: Your body sometimes deteriorates upon taking damage. [potion of mutation]
  4865 | D:5      | wow
  4865 | D:5      | i'm dumb
  4865 | D:5      | Quit the game

Vault maps used:
D:1:      lightli_arrival_chessboard, serial_glass, glass_columns_a,
          glass_columns_c, minmay_cut_off
D:2:      first_bread
D:3:      uniq_grinder, uniq_sigmund
D:4:      zin_purify, lemuel_crystal_altar, gup_sewer_entry_bowl
D:5:      gammafunk_temple_overflow_wave, dk_noncrumbling_3
Sewer:    sewer_fruit_machine

Action                   |  1- 3 |  4- 6 |  7- 9 || total
-------------------------+-------+-------+-------++-------
Melee: Dagger            |    82 |       |       ||    82
       Unarmed           |     1 |       |       ||     1
       Short sword       |     5 |   187 |     9 ||   201
       Flail             |       |       |   209 ||   209
 Cast: Freeze            |    10 |     1 |    21 ||    32
       Ozocubu's Armour  |       |       |     2 ||     2
Evoke: Wand              |       |       |     5 ||     5
  Use: Scroll            |       |    11 |     3 ||    14
       Potion            |       |     4 |     1 ||     5
 Stab: Sleeping          |     7 |    17 |     5 ||    29
       Distracted        |       |       |     1 ||     1
  Eat: Chunk             |     3 |     6 |    10 ||    19
